Map: Odyssey LE

Players

Winthrowe - Winner!

  • Race: Terran Terran
  • Spawn Location: 11:00

A.I. 1 (Easy)

  • Race: Zerg Zerg
  • Spawn Location: 5:00

VOD

Have the link to the VOD?

Description

Time

  • Played on: Aug. 16, 2017, 5:19 p.m.
  • Length: 7:30
Show
View Real Time Build Order
Export as new Build Order

Winthrowe Terran - Winner!

Build Orders:  

Get SALT Encoding   

  12  0:05  SCV  
  13  0:35  Supply Depot  
  13  0:38  SCV  
  14  0:50  SCV, Refinery  
  15  0:59  Supply Depot  
  15  1:05  SCV  
  16  1:18  SCV  
  17  1:22  Barracks  
  17  1:33  SCV  
  18  1:45  SCV  
  19  1:53  Command Center  
  19  1:57  SCV  
  20  2:09  SCV  
  20  2:13  Barracks Reactor  
  21  2:21  SCV, Barracks  
  22  2:28  Refinery  
  22  2:33  SCV  
  23  2:46  SCV  
  24  2:55  Marine  
  24  2:56  Marine  
  26  3:13  Marine  
  26  3:14  Marine  
  28  3:31  Marine x2  
  30  3:49  Marine x2  
  30  3:55  SCV x2  
  34  4:03  Barracks Tech Lab  
  34  4:07  Marine x2, SCV x2  
  38  4:19  SCV, Engineering Bay  
  38  4:20  SCV  
  40  4:24  Marine  
  40  4:25  Marine  
  42  4:31  SCV  
  42  4:32  SCV  
  44  4:42  Marine  
  44  4:43  Marine  
  46  4:55  Supply Depot  
  46  5:03  Terran Infantry Weapons Level 1  
  46  5:16  Marine x2, SCV x2  
  46  5:17  Marauder  
  46  5:18  Supply Depot  
  49  5:34  Marine x2  
  50  5:38  Marauder  
  50  5:40  Supply Depot  
  52  5:52  Marine x2  
  54  5:59  Marauder  
  56  6:09  Marine x2  
  58  6:21  Marauder  
  60  6:27  Marine x2  
  62  6:42  Marauder  
  62  6:45  Marine x2  
  66  7:03  Marine x2, Marauder  
  66  7:04  Supply Depot  
  70  7:26  Supply Depot  
Show
View Real Time Build Order
Export as new Build Order

A.I. 1 (Easy) Zerg 

Build Orders: Pool First 

Get SALT Encoding   

  12  0:01  Drone  
  13  0:12  Overlord  
  13  0:17  Drone  
  14  0:30  Drone  
  14  0:34  Drone  
  16  0:42  Spawning Pool  
  15  0:45  Drone  
  15  0:49  Extractor  
  15  0:52  Drone  
  16  0:59  Overlord  
  16  1:29  Zergling x2  
  16  1:31  Queen  
  16  1:32  Roach Warren  
  18  1:33  Extractor  
  18  1:34  Zergling x2  
  18  1:36  Drone  
  19  1:40  Drone  
  20  1:50  Zergling x2  
  21  2:01  Zergling x2  
  22  2:12  Zergling x2  
  23  2:22  Zergling x2  
  24  2:33  Overlord  
  24  2:37  Zergling x2  
  24  2:38  Drone  
  24  2:43  Zergling x2  
  27  2:45  Drone  
  28  2:55  Drone  
  29  3:06  Drone  
  29  3:10  Drone  
  29  3:11  Overlord  
  31  3:15  Drone  
  32  5:21  Zergling x2  
  32  5:24  Lair, Overlord, Drone  
  30  5:28  Drone  
  30  5:33  Drone  
  28  5:36  Hatchery  
  28  5:37  Drone  
  28  5:39  Zergling x2  
  28  5:42  Drone  
  29  5:53  Zergling x2  
  30  5:58  Drone  
  30  6:02  Drone  
  29  6:06  Overlord  
  29  6:10  Zergling x2  
  30  6:17  Drone  
  27  6:21  Overseer  
  27  6:22  Queen  
  27  6:24  Zergling x2  
  27  6:25  Overseer  
  30  6:31  Hatchery  
  28  6:34  Overlord  
  28  6:38  Zergling x2  
  29  6:45  Overseer  
  27  6:53  Zergling x2, Drone  
  21  6:58  Drone  
  15  7:02  Drone  
  15  7:06  Drone  
  15  7:07  Overseer  
Tags
 
Matchup
TvZ
Opening
Pool First
Spawn Locations
Cross Positions
Add a new tag
Caveats
  • Supply blocks, unpowered buildings, or Contaminate may cause inaccurate times.
  • Supply counts are checked every 10 seconds.